 Dungeon Crawl Stone Soup version 0.26.1-11-gd32895ea62 (webtiles) character file.

Game seed: 10267145518026839169

262 Sweetruy1997 the Chopper (level 5, 0/63 HPs)
             Began as a Demonspawn Chaos Knight on May 11, 2021.
             Was a Plaything of Xom.
             Slain by Pikel
             ... wielding a +1 whip of freezing
              (7 damage)
             ... on level 4 of the Dungeon.
             The game lasted 00:10:15 (3309 turns).

Sweetruy1997 the Chopper (Demonspawn Chaos Knight)  Turns: 3309, Time: 00:10:16

Health: 0/63       AC:  9    Str: 13    XL:     5   Next: 97%
Magic:  5/5        EV: 11    Int: 13    God:    Xom [..*...]
Gold:   240        SH:  0    Dex: 13    Spells: 4/4 levels left

rFire    . . .     SeeInvis +   a - +0 hand axe (chaos)
rCold    . . .     Faith    .   (no shield)
rNeg     . . .     Spirit   .   k - +2 leather armour {Will+}
rPois    .         Reflect  .   (no helmet)
rElec    .         Harm     .   (no cloak)
rCorr    .         Rampage  .   (no gloves)
Will     +....                  (no boots)
Stlth    ..........             (no amulet)
HPRegen  0.20/turn              f - ring of see invisible
MPRegen  0.09/turn              (no ring)

@: berserking, very quick
A: iridescent scales 2, powered by death 1, spiny 1
a: Renounce Religion


You were on level 4 of the Dungeon.
You worshipped Xom.
You were a toy of Xom.
You visited 1 branch of the dungeon, and saw 4 of its levels.

You collected 240 gold pieces.

Inventory:

Hand Weapons
 a - a +0 hand axe of chaos (weapon)
Missiles
 b - 6 silver javelins (quivered)
Armour
 k - a +2 leather armour of willpower (worn)
Jewellery
 f - a ring of see invisible (left hand)
Wands
 n - a wand of random effects (13)
 r - a wand of paralysis (3)
Scrolls
 c - a scroll of remove curse
 g - a scroll of teleportation
 j - 3 scrolls of blinking
 m - a scroll of immolation {unknown}
 o - 2 scrolls of amnesia {unknown}
Potions
 d - a potion of haste {unknown}
 e - a potion of berserk rage
 h - a potion of flight {unknown}
 i - 4 potions of invisibility
 l - a potion of ambrosia {unknown}
 p - a potion of heal wounds {unknown}
 q - a potion of lignification {unknown}


   Skills:
 - Level 4.0 Fighting
 + Level 4.6 Axes
 + Level 0.8 Throwing
 + Level 2.5 Armour
 - Level 1.0 Dodging
 + Level 1.9 Stealth


You had 4 spell levels left.
You didn't know any spells.
Your spell library was empty.

Dungeon Overview and Level Annotations

Branches:
Dungeon (4/15)
 Temple: D:4-7

Altars:
Cheibriados
Kikubaaqudgha

Annotations:
D:4 Pikel


Innate Abilities, Weirdness & Mutations

You are mostly covered in iridescent scales. (AC +4)
You regenerate a little health from kills.
You are partially covered in sharp spines.


Message History

The lemure closely misses you.
The neqoxec gestures.
You slash Pikel! You freeze Pikel.
Pikel is almost dead.
You hit the lemure.
The lemure seems to slow down.
You hit the neqoxec. You burn the neqoxec.
You kill the neqoxec!
That felt strangely unrewarding.
Pikel hits you with a +1 whip of freezing.
* * * LOW HITPOINT WARNING * * *
Pikel freezes you.
* * * LOW HITPOINT WARNING * * *
You hit Pikel. You burn Pikel.
Pikel is almost dead.
You hit the lemure but do no damage.
The lemure seems to grow stronger.
The lemure hits you.
* * * LOW HITPOINT WARNING * * *
Pikel hits you with a +1 whip of freezing!
You die...
Xom thinks this is hilarious!

........##
##.......##
#...###..###
#...####...##
##..#........##
#..#.......#[.##
#...........#..###
..#..........#...##
..#....(......#.@K#
.##...........###55#
. #..........##
#...( #..........#
#....# #.........##
#.(.. #........##
.### ##......## #
#.....## #....##


You could see Pikel (berserk, invisible, slow) and 2 lemures.

Vanquished Creatures
  A neqoxec (D:4)
  A lemure (D:4)
  A centaur skeleton (D:4)
  Terence (D:2)
  An orc wizard (D:3)
  9 adders
  4 dart slugs
  5 leopard geckos
  9 orcs
  2 ball pythons
  2 giant cockroaches (D:2)
  9 goblins
  11 hobgoblins
  4 jackals
  8 kobolds
  4 quokkas (D:2)
  8 bats
  4 frilled lizards
  3 rats
87 creatures vanquished.

Vanquished Creatures (collateral kills)
  2 goblins (D:3)
  A hobgoblin (D:3)
3 creatures vanquished.

Vanquished Creatures (others)
  A plant (D:3)
  9 withered plants (D:3)
10 creatures vanquished.

Grand Total: 100 creatures vanquished

Notes
Turn   | Place    | Note
-------+----------+-------------------------------------------
     0 | D:1      | Sweetruy1997 the Demonspawn Chaos Knight began the quest
                  | for the Orb.
     0 | D:1      | Reached XP level 1. HP: 18/18 MP: 1/1
    75 | D:1      | XOM: divination: detect creatures
   103 | D:1      | XOM: butterfly on damage
   109 | D:1      | Gained mutation: You regenerate a little health from kills.
                  | [demonic ancestry]
   109 | D:1      | Reached XP level 2. HP: 14/24 MP: 2/2
   359 | D:1      | XOM: 4-stop teleportation journey
   435 | D:1      | Reached skill level 1 in Dodging
   771 | D:1      | Gained mutation: You are partially covered in sharp spines.
                  | [demonic ancestry]
   771 | D:1      | Reached XP level 3. HP: 29/29 MP: 3/3
   912 | D:2      | Found a snail-covered altar of Cheibriados.
   914 | D:2      | XOM: polymorph dart slug -> ball python
   994 | D:2      | XOM: 4-stop teleportation journey
  1412 | D:2      | Noticed Terence
  1557 | D:2      | Gained mutation: You are partially covered in iridescent
                  | scales. (AC +2) [demonic ancestry]
  1557 | D:2      | Reached XP level 4. HP: 37/37 MP: 4/4
  1744 | D:2      | Noticed Jessica
  1748 | D:2      | Noticed Jessica
  1748 | D:2      | Jessica changed into Jessica the kobold
  1748 | D:2      | XOM: polymorph Jessica -> Jessica the kobold
  1755 | D:2      | Killed Jessica the kobold
  1768 | D:2      | Killed Terence
  1769 | D:2      | Reached skill level 1 in Stealth
  2382 | D:3      | XOM: summons friendly ufetubus
  2389 | D:3      | Gained mutation: You are mostly covered in iridescent
                  | scales. (AC +4) [demonic ancestry]
  2389 | D:3      | Reached XP level 5. HP: 41/42 MP: 5/5
  2662 | D:3      | Found an ancient bone altar of Kikubaaqudgha.
  2715 | D:3      | XOM: 3-stop teleportation journey
  3292 | D:4      | Noticed a lemure
  3292 | D:4      | Noticed a lemure
  3292 | D:4      | XOM: confuse monster(s)
  3293 | D:4      | Noticed a lemure
  3293 | D:4      | Noticed Pikel
  3294 | D:4      | Noticed a lemure
  3305 | D:4      | Noticed a neqoxec
  3305 | D:4      | a lemure changed into a neqoxec
  3307 | D:4      | Killed a lemure
  3308 | D:4      | Killed a neqoxec
  3309 | D:4      | Slain by Pikel

Illustrated notes

Levels and vault maps discovered:
D:1:      nicolae_arrival_memento_mori, layout_loops_ring
D:2:      layout_basic, kennysheep_slug_shrine, minmay_increasing_density,
          uniq_terence, uniq_jessica
D:3:      layout_loops_ring, kiku_gazebo_garden_becter, serial_bayou_ford_a
D:4:      layout_cave_pods, minmay_temple_entry_trees, serial_bayou_pond_d,
          uniq_pikel, uniq_grinder

Skill      XL: |  1  2  3  4  5 |
---------------+----------------+-----
Axes           | 3 4 |  4.6
Dodging        | 1 |  1.0
Armour         | 2 |  2.5
Stealth        | 1 |  1.9
Fighting       | 4 |  4.0
Throwing       | |  0.8

Action                   |  1- 3 |  4- 6 || total
-------------------------+-------+-------++-------
Melee: Hand axe          |    88 |    91 ||   179
Throw: Javelin           |       |    21 ||    21
Evoke: Wand              |       |     2 ||     2
  Use: Scroll            |     4 |     2 ||     6
       Potion            |       |     1 ||     1
 Stab: Paralysed         |     2 |       ||     2
       Petrified         |       |     4 ||     4
Armor: Leather armour    |    28 |    30 ||    58
Dodge: Dodged            |    48 |    60 ||   108
